AoeStats
← LittleCaesar

Arabia

510441897Analyzed
1v1 RM · 1d ago on Oct 1, 2026· 41m 59s· 2 players
Game mode
Random Map
Map size
Tiny (2 player)
Population
200
Speed
Normal
Resources
Standard
Victory
Conquest
Starting age
Dark Age
Ending age
Imperial Age
RankedLock teamsTeams togetherTeam positionsShared explorationLock speedFull tech treeHidden civsTurbo modeCheats
Victory
Defeat
🇵🇾 Maya · Paraguay
1387
+15
🇦🇺 Magyars · Australia
1355
-15
LittleCaesar
6:35 Loom
9:37 Feudal Age
10:15 Double-Bit Axe
20:23 Castle Age
19:03 Bloodlines
18:59 Scale Barding Armor
19:18 Horse Collar
19:45 Gold Mining
21:33 Chain Barding Armor
26:44 Town Watch
29:54 Husbandry
31:36 Wheelbarrow
33:20 Hand Cart
33:32 Hand Cart
33:24 Light Cavalry
38:21 Gold Shaft Mining
38:32 Bow Saw
40:50 Stone Mining
NTM.aoematias
0:31 Loom
9:13 Feudal Age
10:17 Double-Bit Axe
11:28 Town Watch
14:17 Fletching
22:24 Castle Age
21:10 Padded Archer Armor
22:21 Horse Collar
22:34 Gold Mining
22:28 Crossbowman
23:06 Bodkin Arrow
30:34 Ballistics
32:02 Leather Archer Armor
32:46 Wheelbarrow
33:32 Bow Saw
39:10 Imperial Age
37:06 Scale Mail Armor
37:32 Forging
36:57 Pikeman
38:15 Chain Mail Armor
38:31 Squires
38:36 Heavy Plow
38:55 Hand Cart
40:08 Iron Casting
40:06 Bracer
39:32 Halberdier
41:50 Plate Mail Armor
Connection lost

Rejoining the realm…

Still unreachable

The connection could not be restored.

Session expired

The server has moved on; the page needs a fresh start.